[Event "Titled Tuesday Blitz March 15 Late 2022"]
[White "Meduri, Aakaash"]
[Black "Della Morte, German"]
[WhiteFideId "2032252"]
[BlackFideId "113522"]
[WhiteElo "2096"]
[BlackElo "2363"]
[Result "0-1"]
[Round "05"]
[TimeControl "180+1"]
[Date "2022.03.16"]
[WhiteClock "0:00:05"]
[BlackClock "0:00:39"]

1. f4 Nf6 2. g3 g6 3. Nf3 Bg7 4. Bg2 d5 5. O-O c5 6. c3 O-O 7. Na3 Nc6 8. Nc2 d4 9. d3 dxc3 10. bxc3 Nd5 11. c4 Ndb4 12. Nxb4 Nxb4 13. Rb1 Nxa2 14. Bb2 Nc3 15. Bxc3 Bxc3 16. Qb3 Bg7 17. Nd2 Rb8 18. Qa3 a6 19. Kh1 b6 20. Rb3 Qc7 21. Rfb1 Bb7 22. Nf3 a5 23. e3 Rfd8 24. Kg1 Bc6 25. Rd1 a4 26. Rbb1 Qb7 27. Kf2 Rd6 28. d4 cxd4 29. exd4 Qc7 30. d5 Be8 31. Rbc1 Qc5+ 32. Qe3 a3 33. Rc2 Ba4 34. Rdd2 Bxc2 35. Rxc2 Rxd5 36. Ra2 Qxe3+ 37. Kxe3 Ra5 38. Ne5 Bxe5 39. fxe5 Rxe5+ 40. Kd4 Ra5 41. Bc6 Rd8+ 42. Kc3 Rc8 43. Be4 Ra4 44. Bd3 Ra7 45. Kb4 Rc5 46. Bb1 Kg7 47. Bd3 Kf6 48. Rxa3 Rxa3 49. Kxa3 Ke5 50. Kb4 Kd4 51. Be2 e5 52. Kb3 f5 53. Kb4 g5 54. Kb3 f4 55. gxf4 gxf4 56. Kb4 e4 57. Kb3 f3 0-1


[Site "https://www.chess.com"]

[Event "Titled Tuesday Blitz March 15 Late 2022"]
[White "Mikhailov, Viacheslav"]
[Black "Roberson, Peter T"]
[WhiteFideId "4187369"]
[BlackFideId "412384"]
[WhiteElo "2381"]
[BlackElo "2346"]
[Result "0-1"]
[Round "05"]
[TimeControl "180+1"]
[Date "2022.03.16"]
[WhiteClock "0:00:06"]
[BlackClock "0:00:08"]

1. Nf3 c5 2. g3 g6 3. Bg2 Bg7 4. O-O Nc6 5. c3 e5 6. d4 cxd4 7. cxd4 e4 8. Ne5 d5 9. Nxc6 bxc6 10. Nc3 Qf6 11. Bf4 Qxd4 12. Qc2 Ne7 13. Bd6 Nf5 14. Ba3 Qe5 15. Nxd5 Nd4 16. Qa4 Qxd5 17. e3 Qb5 18. Qxb5 Nxb5 19. Bxe4 Bd7 20. Bc5 Bf8 21. Rac1 Bxc5 22. Rxc5 Rc8 23. Rd1 Ke7 24. a4 Nd6 25. Bf3 Rhd8 26. b4 Rb8 27. Bxc6 Bxc6 28. Rxc6 Rxb4 29. a5 Rb7 30. a6 Rbd7 31. Kg2 Nf5 32. Rb1 Rd6 33. Rb7+ R8d7 34. Rc8 Rxa6 35. Rcc7 Rxc7 36. Rxc7+ Ke6 37. g4 Nd6 38. h3 Ra1 39. f4 a5 40. Ra7 a4 41. Ra6 a3 42. e4 Ke7 43. Ra7+ Kf8 44. e5 Nb5 45. Ra8+ Ke7 46. f5 gxf5 47. gxf5 a2 48. Ra5 Nc3 49. Ra7+ Ke8 50. Ra8+ Kd7 51. Ra7+ Kc6 52. e6 fxe6 53. f6 Rd1 54. f7 Rd8 55. Ra3 Kb5 56. h4 Rf8 57. Ra7 Rxf7 58. Rxf7 a1=Q 59. Rxh7 Qb2+ 60. Kg3 Qc2 61. Rh5+ Kc6 62. Rg5 Ne4+ 63. Kf4 Nxg5 64. Kxg5 Qf5+ 65. Kh6 Qg4 66. h5 e5 67. Kh7 e4 68. h6 e3 69. Kh8 Qf5 70. h7 Qf8# 0-1


[Site "https://www.chess.com"]

[Event "Titled Tuesday Blitz March 15 Late 2022"]
[White "Miszler, Levente"]
[Black "Cagara, Paulina"]
[WhiteFideId "763276"]
[BlackFideId "1124870"]
[WhiteElo "1966"]
[BlackElo "1780"]
[Result "1-0"]
[Round "05"]
[TimeControl "180+1"]
[Date "2022.03.16"]
[WhiteClock "0:00:20"]
[BlackClock "0:00:23"]

1. Nf3 f5 2. d4 Nf6 3. Nc3 d5 4. Bf4 g6 5. Ne5 Bg7 6. Qd2 Nc6 7. h4 Nxe5 8. Bxe5 Be6 9. O-O-O Qd7 10. e3 c6 11. f3 Nh5 12. Bxg7 Nxg7 13. Bd3 Bf7 14. Rde1 O-O-O 15. e4 dxe4 16. fxe4 Qxd4 17. exf5 Nxf5 18. Bxf5+ gxf5 19. Qxd4 Rxd4 20. Rxe7 Bc4 21. b3 Ba6 22. Rf7 Rg4 23. Rxf5 Rxg2 24. Re1 Rhg8 25. Re7 R2g7 26. Rf8+ Rxf8 27. Rxg7 h6 28. Ne4 Rf4 29. Nd6+ Kd8 30. h5 Rd4 31. Nxb7+ Ke8 32. Nc5 Bf1 33. Rxa7 Be2 34. Rh7 Rd6 35. a4 Bxh5 36. a5 Bg6 37. Rxh6 Ke7 38. a6 Rd5 39. a7 Rxc5 40. a8=Q Rxc2+ 41. Kd1 Rg2 42. Qxc6 Bc2+ 43. Qxc2 Rg1+ 44. Kd2 Rg2+ 45. Kc3 1-0


[Site "https://www.chess.com"]

[Event "Titled Tuesday Blitz March 15 Late 2022"]
[White "Moroni, Luca Jr"]
[Black "Barp, Alberto"]
[WhiteFideId "865834"]
[BlackFideId "872555"]
[WhiteElo "2573"]
[BlackElo "2229"]
[Result "1/2-1/2"]
[Round "05"]
[TimeControl "180+1"]
[Date "2022.03.15"]
[WhiteClock "0:00:33"]
[BlackClock "0:00:14"]

1. c4 e6 2. Nf3 d5 3. e3 Nf6 4. b3 c6 5. Bb2 Nbd7 6. Qc2 Bd6 7. Nc3 a6 8. Be2 e5 9. O-O-O b5 10. cxd5 cxd5 11. Kb1 Bb7 12. Rc1 Rc8 13. Qf5 Qe7 14. d4 e4 15. Ne5 Qe6 16. Qxe6+ fxe6 17. Nxd7 Kxd7 18. f3 Rhf8 19. fxe4 Nxe4 20. Nxe4 Rxc1+ 21. Kxc1 dxe4 22. Kd1 Rf2 23. g3 Bb4 24. Bc1 Kd6 25. Bd2 Bxd2 26. Kxd2 e5 27. dxe5+ Kxe5 28. Ke1 Rf7 29. Rf1 Rxf1+ 30. Bxf1 b4 31. Kd2 a5 32. Kc2 Bd5 33. Kd2 Kd6 34. Bb5 Ke5 35. Be8 Kf5 36. Ke2 g5 37. Bd7+ Ke5 38. Kf2 h6 39. h4 Be6 40. Ba4 Bg4 41. hxg5 hxg5 42. Ke1 Bf3 43. Bb5 Kf5 44. Bd7+ Kg6 45. Kd2 Kh5 46. Bf5 Kh6 47. Kc2 Kg7 48. a3 Kf6 49. Bc8 Ke5 50. axb4 axb4 51. Kd2 Bh5 52. Ba6 Bf7 53. Kc2 Bd5 54. Bf1 Be6 55. Kb2 Bg4 56. Kc2 Kf5 57. Kd2 Ke5 58. Bc4 Bf3 59. Ke1 Kf5 60. Kf2 Bd1 61. Kg2 Bg4 62. Bd5 Ke5 63. Bg8 Bd7 64. Bf7 g4 65. Kf2 Be6 66. Bxe6 Kxe6 1/2-1/2


[Site "https://www.chess.com"]

[Event "Titled Tuesday Blitz March 15 Late 2022"]
[White "Morris-Suzuki, Sophie"]
[Black "Mogranzini, Roberto"]
[WhiteFideId "30922615"]
[BlackFideId "810894"]
[WhiteElo "2490"]
[BlackElo "2469"]
[Result "0-1"]
[Round "05"]
[TimeControl "180+1"]
[Date "2022.03.16"]
[WhiteClock "0:00:04"]
[BlackClock "0:00:22"]

1. d4 Nf6 2. c4 g6 3. Nc3 Bg7 4. Nf3 d6 5. g3 O-O 6. Bg2 Nc6 7. O-O Bf5 8. Nh4 Bd7 9. e4 e5 10. d5 Nd4 11. Nf3 Bg4 12. Qd3 Bxf3 13. Bxf3 c5 14. Bg2 Nd7 15. f4 exf4 16. gxf4 Qh4 17. Be3 Rae8 18. Kh1 a6 19. Bf2 Qd8 20. Rab1 f5 21. b4 b6 22. Bg1 Nf6 23. bxc5 bxc5 24. Rbe1 fxe4 25. Nxe4 Nxe4 26. Bxe4 Qh4 27. Qg3 Qh5 28. Bxd4 Bxd4 29. f5 Be5 30. Qg2 g5 31. Bf3 Qh4 32. Rg1 h6 33. Bg4 Bd4 34. Rxe8 Rxe8 35. Rf1 Bf6 36. Bf3 Re3 37. Qf2 Qf4 38. Bg2 Qxf2 39. Rxf2 Re1+ 40. Rf1 Re2 41. a4 Be5 42. Kg1 Kg7 43. Kh1 Kf6 44. h3 h5 45. Bf3 Re3 46. Kg2 g4 47. hxg4 hxg4 48. Bd1 Rg3+ 49. Kf2 Kg5 50. Rg1 Rxg1 51. Kxg1 Kxf5 52. Kg2 g3 53. Kf3 a5 54. Bc2+ Kg5 55. Be4 Kh4 56. Kg2 Kg4 57. Bd3 Kf4 58. Bf1 Ke3 59. Kh3 Kd4 60. Kg2 Kc3 61. Kf3 Kb3 62. Ke4 Kxa4 63. Kf5 Kb3 64. Ke4 a4 65. Kf5 a3 0-1


[Site "https://www.chess.com"]

[Event "Titled Tuesday Blitz March 15 Late 2022"]
[White "Najer, Evgeniy"]
[Black "Levitskiy, Andrey"]
[WhiteFideId "4118987"]
[BlackFideId "14132885"]
[WhiteElo "2562"]
[BlackElo "2301"]
[Result "1-0"]
[Round "05"]
[TimeControl "180+1"]
[Date "2022.03.16"]
[WhiteClock "0:00:31"]
[BlackClock "0:00:01"]

1. e4 c5 2. Nc3 Nc6 3. Bb5 Nd4 4. Bc4 g6 5. Nf3 Bg7 6. Nxd4 cxd4 7. Qf3 e6 8. Nb5 d6 9. Qg3 e5 10. Qa3 Bf8 11. O-O Be6 12. Bxe6 fxe6 13. Qa4 Kf7 14. f4 Kg7 15. Qc4 d5 16. Qc7+ Qxc7 17. Nxc7 Rc8 18. Nxe6+ Kf7 19. exd5 e4 20. c3 Nf6 21. Nxd4 Nxd5 22. d3 exd3 23. Rd1 Bc5 24. Rxd3 Kg7 25. Bd2 Rhe8 26. Kf1 Re7 27. Re1 1-0


[Site "https://www.chess.com"]

[Event "Titled Tuesday Blitz March 15 Late 2022"]
[White "Nakamura, Hikaru"]
[Black "Bok, Benjamin"]
[WhiteFideId "2016192"]
[BlackFideId "1017063"]
[WhiteElo "2850"]
[BlackElo "2658"]
[Result "1-0"]
[Round "05"]
[TimeControl "180+1"]
[Date "2022.03.15"]
[WhiteClock "0:00:08"]
[BlackClock "0:00:03"]

1. Nf3 d5 2. b3 Bf5 3. Bb2 e6 4. e3 h6 5. d4 Nf6 6. Bd3 Bd6 7. c4 c6 8. Nc3 O-O 9. Qc2 Bxd3 10. Qxd3 Nbd7 11. O-O Rc8 12. e4 dxe4 13. Nxe4 Nxe4 14. Qxe4 Qa5 15. a3 Nf6 16. Qe2 Qf5 17. Rfe1 b5 18. Rac1 Rfd8 19. d5 cxd5 20. cxb5 Ne4 21. Nd4 Qe5 22. g3 Rxc1 23. Rxc1 Bxa3 24. Rf1 Bxb2 25. Nc6 Qf6 26. Nxd8 Qxd8 27. Qxb2 Qb6 28. Qe2 Nc3 29. Qd3 d4 30. Re1 g6 31. Qc4 Nxb5 32. Ra1 Nc3 33. Ra6 Qb7 34. Rc6 Kh7 35. Rc7 Qf3 36. Qxe6 Kg8 37. Qe8+ Kg7 38. Qe5+ Kh7 39. Rc8 g5 40. h4 Ne2+ 41. Kf1 Nc3 42. Rh8+ Kg6 43. Rg8+ Kh5 44. Rxg5+ hxg5 45. Qxg5# 1-0


[Site "https://www.chess.com"]

[Event "Titled Tuesday Blitz March 15 Late 2022"]
[White "Narayanan.S.L"]
[Black "Deac, Bogdan-Daniel"]
[WhiteFideId "5058422"]
[BlackFideId "1226380"]
[WhiteElo "2494"]
[BlackElo "2646"]
[Result "1/2-1/2"]
[Round "05"]
[TimeControl "180+1"]
[Date "2022.03.15"]
[WhiteClock "0:00:15"]
[BlackClock "0:00:10"]

1. d4 Nf6 2. Nf3 d5 3. Bf4 c5 4. e3 Nc6 5. Nbd2 Nh5 6. Be5 e6 7. c4 cxd4 8. Bxd4 Nxd4 9. Nxd4 Nf6 10. cxd5 Qxd5 11. Bb5+ Bd7 12. Bxd7+ Qxd7 13. O-O Bc5 14. N4b3 Be7 15. Nc4 Rd8 16. Qxd7+ Rxd7 17. Rac1 O-O 18. Ne5 Rd5 19. Nf3 Rfd8 20. Rc7 R8d7 21. Rxd7 Rxd7 22. Rc1 Kf8 23. Kf1 Bd6 24. Na5 Bb4 25. Rc8+ Ke7 26. Nc4 Rd8 27. Rc7+ Rd7 28. Rc8 Rd8 29. Rxd8 Kxd8 30. Nfe5 Ke8 31. a3 Be7 32. Na5 b5 33. Nac6 Bc5 34. Ke2 Nd5 35. Nd3 Bb6 36. e4 Nc7 37. f3 f6 38. b3 Kd7 39. Ncb4 a5 40. Nc2 e5 41. a4 Kc6 42. axb5+ Nxb5 43. Nb2 Nd4+ 44. Nxd4+ Bxd4 45. Nd3 Kb5 46. Kd2 a4 47. bxa4+ Kxa4 1/2-1/2


[Site "https://www.chess.com"]

[Event "Titled Tuesday Blitz March 15 Late 2022"]
[White "Niemann, Hans Moke"]
[Black "Sochacki, Christophe"]
[WhiteFideId "2093596"]
[BlackFideId "662569"]
[WhiteElo "2632"]
[BlackElo "2480"]
[Result "1-0"]
[Round "05"]
[TimeControl "180+1"]
[Date "2022.03.15"]
[WhiteClock "0:01:05"]
[BlackClock "0:00:01"]

1. d4 Nf6 2. Nc3 d5 3. Bf4 c6 4. e3 g6 5. Nf3 Bg7 6. h3 O-O 7. Be2 Qb6 8. Rb1 Bf5 9. O-O h5 10. b4 Nbd7 11. Ne5 Nxe5 12. Bxe5 Ne4 13. Nxe4 Bxe5 14. Nc5 Bg7 15. Bd3 Bxd3 16. Nxd3 Qc7 17. f4 Rac8 18. Qf3 e6 19. g4 hxg4 20. hxg4 a5 21. a3 axb4 22. axb4 Ra8 23. Kg2 Ra2 24. Rf2 f6 25. Nc5 Qe7 26. Rh1 f5 27. gxf5 exf5 28. Nd3 Kf7 29. Ne5+ Bxe5 30. dxe5 Ke6 31. Qg3 Rg8 32. Rh6 Qf7 33. Kh3 b6 34. Rg2 Rb2 35. Rxg6+ Rxg6 36. Qxg6+ Qxg6 37. Rxg6+ Kd7 38. Rd6+ Kc7 39. Rf6 Rxb4 40. Rxf5 Re4 41. Rf7+ Kd8 42. Kg4 Rxe3 43. Kf5 Rh3 44. e6 d4 45. Ke5 Re3+ 46. Kd6 Ke8 47. Ra7 Kf8 48. f5 d3 49. cxd3 Rxd3+ 50. Ke5 c5 51. f6 Re3+ 52. Kf5 Rf3+ 53. Kg5 Rg3+ 54. Kf4 Rg6 1-0


[Site "https://www.chess.com"]

[Event "Titled Tuesday Blitz March 15 Late 2022"]
[White "Nihal Sarin"]
[Black "Tang, Andrew"]
[WhiteFideId "25092340"]
[BlackFideId "2059630"]
[WhiteElo "2705"]
[BlackElo "2584"]
[Result "1-0"]
[Round "05"]
[TimeControl "180+1"]
[Date "2022.03.15"]
[WhiteClock "0:00:14"]
[BlackClock "0:00:03"]

1. e4 e5 2. Nf3 Nc6 3. Bc4 Nf6 4. Ng5 d5 5. exd5 Na5 6. Bb5+ c6 7. dxc6 bxc6 8. Bd3 Nd5 9. Nf3 Bd6 10. O-O O-O 11. Re1 f5 12. Nxe5 Qf6 13. Nf3 g5 14. c4 Nf4 15. Bf1 g4 16. d4 gxf3 17. Qxf3 Ne6 18. c5 Bc7 19. b4 Qxd4 20. Qc3 Qxc3 21. Nxc3 Nb7 22. Bc4 Kf7 23. Ne2 Rd8 24. Bb2 a5 25. Ng3 axb4 26. Nxf5 Nxc5 27. Nd4 Bd7 28. Re3 Re8 29. Rae1 Bf4 30. Rf3 Kg6 31. Nxe6 Bxe6 32. Rxf4 Bxc4 33. Rf6+ Kg5 34. Rc1 Nd3 35. h4+ Kh5 36. Rxc4 Nxb2 37. Rc5+ Kg4 38. Kh2 1-0


[Site "https://www.chess.com"]

[Event "Titled Tuesday Blitz March 15 Late 2022"]
[White "Odegov, Artem"]
[Black "Risteski, Emil"]
[WhiteFideId "34183644"]
[BlackFideId "15005267"]
[WhiteElo "2286"]
[BlackElo "2070"]
[Result "0-1"]
[Round "05"]
[TimeControl "180+1"]
[Date "2022.03.16"]
[WhiteClock "0:00:02"]
[BlackClock "0:00:12"]

1. d4 e6 2. c4 f5 3. h3 Nf6 4. g4 d5 5. Nc3 c6 6. Nf3 Ne4 7. Bg2 Bb4 8. O-O O-O 9. gxf5 exf5 10. cxd5 cxd5 11. Qb3 Bxc3 12. bxc3 Nc6 13. Bf4 Na5 14. Qc2 b6 15. Ne5 Ba6 16. f3 Nd6 17. Rfe1 Rc8 18. Rac1 Qh4 19. Bh2 f4 20. Qa4 Rc7 21. e4 fxe3 22. Rxe3 Nf5 23. Ree1 Re7 24. Qb4 Rfe8 25. f4 Bb7 26. Re2 Ng3 27. Bxg3 Qxg3 28. Rce1 Qxf4 29. Nd3 Rxe2 30. Rxe2 Qf7 31. Ne5 Qe7 32. Qxe7 Rxe7 33. Rf2 g6 34. h4 Nc4 35. Ng4 Kg7 36. Nf6 Ne3 37. h5 Nxg2 38. Kxg2 gxh5 39. Nxh5+ Kg8 40. Nf6+ Kg7 41. Ng4 Rf7 42. Re2 Bc8 43. Ne5 Re7 44. Rf2 Be6 45. Kg3 Bf7 46. Kh4 Bg6 47. Rf3 Be4 48. Rg3+ Kf6 49. Rg8 Rc7 50. Rg3 Kf5 51. Kh5 Kf4 52. Rh3 b5 53. Kh6 Bf5 54. Rh1 Ke3 55. Rf1 Be4 56. Ng4+ Kd3 57. Nf6 Rxc3 58. Kg5 Kxd4 59. Rd1+ Rd3 60. Rc1 b4 61. Rc7 Ra3 0-1


[Site "https://www.chess.com"]

[Event "Titled Tuesday Blitz March 15 Late 2022"]
[White "Oro, Luis"]
[Black "Rustemov, Alexander"]
[WhiteFideId "104094"]
[BlackFideId "4119002"]
[WhiteElo "2280"]
[BlackElo "2740"]
[Result "0-1"]
[Round "05"]
[TimeControl "180+1"]
[Date "2022.03.16"]
[WhiteClock "0:00:22"]
[BlackClock "0:01:17"]

1. e4 e6 2. d4 d5 3. Nd2 b6 4. Bd3 Nf6 5. e5 Nfd7 6. Ngf3 Ba6 7. Bxa6 Nxa6 8. c3 c5 9. Qe2 Nab8 10. O-O Nc6 11. Rd1 Be7 12. Nf1 O-O 13. Ng3 Rc8 14. Be3 Qc7 15. Rac1 cxd4 16. cxd4 Qb7 17. a3 Na5 18. Nd2 Rxc1 19. Rxc1 Rc8 20. Qd1 Nc4 21. Nxc4 dxc4 22. Ne2 b5 23. Qd2 Nb6 24. Bg5 Bf8 25. Nf4 Nd5 26. Nh5 h6 27. Bh4 b4 28. axb4 Qxb4 29. Qxb4 Bxb4 30. Ng3 g5 31. Bxg5 hxg5 32. Ne4 c3 33. bxc3 Nxc3 34. Nf6+ Kg7 35. Kf1 Rd8 36. d5 Nxd5 37. Ne4 Kg6 38. g3 Kf5 39. f3 a5 40. Ke2 a4 41. Ra1 a3 42. g4+ Kg6 0-1


[Site "https://www.chess.com"]

[Event "Titled Tuesday Blitz March 15 Late 2022"]
[White "Palachev, Petr"]
[Black "Araujo Sanchez, Josue"]
[WhiteFideId "24129003"]
[BlackFideId "6416896"]
[WhiteElo "2339"]
[BlackElo "2357"]
[Result "0-1"]
[Round "05"]
[TimeControl "180+1"]
[Date "2022.03.15"]
[WhiteClock "0:00:01"]
[BlackClock "0:00:11"]

1. d4 Nf6 2. Nf3 g6 3. Nbd2 d5 4. e3 Bg7 5. c4 O-O 6. b4 Nc6 7. b5 Na5 8. Bb2 a6 9. a4 dxc4 10. Nxc4 Nxc4 11. Bxc4 axb5 12. axb5 Rxa1 13. Qxa1 Ne4 14. O-O Nd6 15. Be2 Bd7 16. Qa5 b6 17. Qa6 Qa8 18. Ra1 Qxa6 19. bxa6 Ra8 20. Ne5 Bxe5 21. dxe5 Ne4 22. a7 Bc6 23. Rc1 Nc5 24. Ra1 Kf8 25. Bd4 Nb3 26. Ra3 Nxd4 27. exd4 Ke8 28. Rc3 Bd5 29. Rxc7 Kd8 30. Rc1 Rxa7 31. Bg4 e6 32. Be2 Ra2 33. Bb5 Rd2 34. Ba6 Rxd4 35. h3 Re4 36. Rc8+ Kd7 37. Rf8 Ke7 38. Rb8 Re1+ 39. Kh2 Rxe5 40. Rxb6 h5 41. Bb7 Bxb7 42. Rxb7+ Kf6 43. g3 Rf5 44. Kg2 Rd5 45. h4 Kg7 46. Ra7 Rf5 47. Rb7 Rf6 48. Ra7 Rf5 49. Rb7 Rc5 50. Ra7 Rc8 51. Rb7 Re8 52. Ra7 Kf6 53. Rb7 e5 54. Ra7 Re6 55. Rb7 e4 56. Rc7 Re7 57. Rc6+ Kf5 58. Rc5+ Re5 59. Rc7 f6 60. Rc3 Rd5 61. Ra3 Ke5 62. Kf1 Rd1+ 63. Ke2 Rd5 64. Ra4 Rb5 65. Ra8 Rb2+ 66. Ke3 Rb3+ 67. Ke2 Rb5 68. Rg8 Rb2+ 69. Ke3 Kf5 70. Rg7 Rb3+ 71. Ke2 Rb6 72. Ra7 Kg4 73. Re7 f5 74. Rf7 Ra6 75. Rf8 Ra2+ 76. Ke3 Ra3+ 77. Ke2 e3 78. fxe3 Kxg3 79. Rg8 Ra6 80. Rg7 Re6 81. Rg8 f4 82. Kd2 fxe3+ 0-1


[Site "https://www.chess.com"]

[Event "Titled Tuesday Blitz March 15 Late 2022"]
[White "Papasimakopoulos, Alexandros"]
[Black "Swicarz, Maciej"]
[WhiteFideId "4244125"]
[BlackFideId "1113585"]
[WhiteElo "2340"]
[BlackElo "2057"]
[Result "1/2-1/2"]
[Round "05"]
[TimeControl "180+1"]
[Date "2022.03.16"]
[WhiteClock "0:00:06"]
[BlackClock "0:00:20"]

1. d4 Nf6 2. c4 e6 3. Nc3 Bb4 4. Qc2 c5 5. dxc5 Na6 6. a3 Bxc3+ 7. Qxc3 Nxc5 8. f3 b6 9. e4 d5 10. cxd5 exd5 11. Bb5+ Bd7 12. Qe5+ Qe7 13. Bxd7+ Ncxd7 14. Qxe7+ Kxe7 15. exd5 Nxd5 16. Ne2 Rhe8 17. Kf2 Rac8 18. Rd1 N5f6 19. Bg5 Kf8 20. Rd2 h6 21. Bh4 g5 22. Bg3 Nc5 23. Bd6+ Kg7 24. Bxc5 Rxc5 25. Nc3 Rce5 26. Rad1 R5e6 27. Re2 Rxe2+ 28. Nxe2 Rc8 29. Nc3 h5 30. h4 gxh4 31. Rd4 h3 32. gxh3 Kg6 33. h4 Re8 34. Ra4 a5 35. Rd4 Re6 36. Kg3 Rc6 37. Kf4 Re6 38. Nb5 Rc6 39. Rd6 Rxd6 40. Nxd6 Nd7 41. Ne8 f6 42. Ke4 Kf7 43. Nc7 Ke7 44. Kd5 Ne5 45. Ke4 Kd6 46. Ne8+ Ke7 47. Ng7 Ng6 48. Nxh5 Nxh4 49. Ng7 Ng2 50. Nf5+ Ke6 51. Nd4+ Kd6 52. Nb5+ Ke6 53. Nc7+ Kd6 54. Nd5 f5+ 55. Kd4 Ne1 56. Nxb6 Nxf3+ 57. Ke3 Ne5 58. b3 Kc5 59. Na4+ Kb5 60. Nc3+ Kc5 61. Kf4 Nd3+ 62. Kxf5 Nc1 63. b4+ axb4 64. axb4+ Kxb4 1/2-1/2


[Site "https://www.chess.com"]

[Event "Titled Tuesday Blitz March 15 Late 2022"]
[White "Peatman, Carter"]
[Black "Kadam, Om Manish"]
[WhiteFideId "2096480"]
[BlackFideId "45076294"]
[WhiteElo "2432"]
[BlackElo "1729"]
[Result "1-0"]
[Round "05"]
[TimeControl "180+1"]
[Date "2022.03.16"]
[WhiteClock "0:02:06"]
[BlackClock "0:00:01"]

1. d4 Nf6 2. Bf4 d5 3. e3 e6 4. c3 Be7 5. Bd3 c5 6. Nd2 Nc6 7. Ngf3 b6 8. Ne5 Bb7 9. Bb5 Rc8 10. Qa4 Qc7 11. Nxc6 Qxc6 12. Bxc6+ Bxc6 13. Qxa7 Nd7 14. dxc5 Bxc5 15. b4 Be7 16. Qa3 e5 17. Bg3 h5 18. h4 f5 19. Nf3 Bf6 20. O-O O-O 21. Rab1 Bb7 22. Nd2 f4 23. exf4 exf4 24. Bxf4 Bxc3 25. Bg5 Ne5 26. Rbc1 d4 27. Nb1 Nd3 28. Nxc3 1-0


[Site "https://www.chess.com"]

[Event "Titled Tuesday Blitz March 15 Late 2022"]
[White "Perez Torres, Nabi Isaias"]
[Black "Donatti, Alvaro"]
[WhiteFideId "5120373"]
[BlackFideId "3000303"]
[WhiteElo "1755"]
[BlackElo "2138"]
[Result "0-1"]
[Round "05"]
[TimeControl "180+1"]
[Date "2022.03.16"]
[WhiteClock "0:00:21"]
[BlackClock "0:01:07"]

1. d4 Nf6 2. c4 g6 3. Nc3 d5 4. cxd5 Nxd5 5. e4 Nxc3 6. bxc3 Bg7 7. Bg5 c5 8. Rc1 O-O 9. Qd2 cxd4 10. cxd4 Nc6 11. d5 Ne5 12. Nf3 Nxf3+ 13. gxf3 Bd7 14. h4 Rc8 15. Bc4 b5 16. Bb3 Rxc1+ 17. Qxc1 Qa5+ 18. Kf1 Rc8 19. Qf4 Qc3 20. Bxe7 a5 21. d6 Qc1+ 22. Qxc1 Rxc1+ 23. Kg2 Rxh1 24. Kxh1 a4 25. Bd5 b4 26. Kg2 Be5 27. Kf1 Kg7 28. Ke2 Bf4 29. Kd3 Bb5+ 30. Bc4 Bd7 31. Kd4 h6 32. Kc5 g5 33. hxg5 h5 34. g6 fxg6 35. Bb5 Bxb5 36. Kxb5 Kf7 37. Kxb4 g5 0-1


[Site "https://www.chess.com"]

[Event "Titled Tuesday Blitz March 15 Late 2022"]
[White "Pesotskiy, Mikhail"]
[Black "Ibarra Jerez, Jose Carlos"]
[WhiteFideId "34164453"]
[BlackFideId "2226332"]
[WhiteElo "2010"]
[BlackElo "2626"]
[Result "0-1"]
[Round "05"]
[TimeControl "180+1"]
[Date "2022.03.15"]
[WhiteClock "0:00:22"]
[BlackClock "0:00:29"]

1. d4 Nf6 2. c4 d6 3. Nc3 e5 4. d5 Nbd7 5. e4 Nc5 6. f3 a5 7. Be3 Nfd7 8. Qd2 Be7 9. Nge2 h6 10. Nc1 Bg5 11. Nd3 Bxe3 12. Qxe3 Qg5 13. Kd2 c6 14. Rd1 Nxd3 15. Qxg5 hxg5 16. Bxd3 Nc5 17. Bc2 Ke7 18. Na4 Nxa4 19. Bxa4 c5 20. h3 g6 21. g3 Bxh3 22. Rh2 Bd7 23. Rxh8 Rxh8 24. Bxd7 Rh2+ 25. Ke3 Kxd7 26. Rd2 Rh1 27. a4 f5 28. g4 fxg4 29. fxg4 Rh3+ 30. Kf2 Rb3 31. Rc2 Ke7 32. Kf1 Rb4 33. Rh2 Rxc4 34. Rh7+ Kf6 35. Rd7 Rxe4 36. Rxd6+ Ke7 37. Rxg6 Rxg4 38. Re6+ Kd7 39. Rxe5 Kd6 40. Rf5 Rf4+ 41. Rxf4 gxf4 0-1


[Site "https://www.chess.com"]

[Event "Titled Tuesday Blitz March 15 Late 2022"]
[White "Petesch, Gabriel"]
[Black "Lashkin, Jegor"]
[WhiteFideId "2032465"]
[BlackFideId "13907808"]
[WhiteElo "2374"]
[BlackElo "2344"]
[Result "0-1"]
[Round "05"]
[TimeControl "180+1"]
[Date "2022.03.16"]
[WhiteClock "0:00:01"]
[BlackClock "0:00:07"]

1. b3 d5 2. Bb2 c5 3. e3 Nf6 4. Nf3 g6 5. d4 cxd4 6. Nxd4 Bg7 7. c4 O-O 8. Be2 dxc4 9. Bxc4 a6 10. O-O b5 11. Be2 Bb7 12. Bf3 Bxf3 13. Qxf3 Qd5 14. Nc3 Qxf3 15. Nxf3 Nc6 16. Rac1 Rac8 17. Ne2 Nd5 18. Bxg7 Kxg7 19. Rc5 Ncb4 20. Rfc1 Rcd8 21. Ra1 Nd3 22. Rc2 N5b4 23. Rc7 Nd5 24. Rc6 N3b4 25. Rc5 e6 26. Ned4 Rc8 27. Rxc8 Rxc8 28. a3 Nd3 29. g4 e5 30. Rd1 Rc3 31. Ne2 Rxb3 32. Nxe5 Nxe5 33. Rxd5 Nxg4 34. a4 bxa4 35. Rd4 Ne5 36. Rxa4 Rb6 37. Nd4 Nd3 38. Kg2 Nc5 39. Ra5 Ne4 40. f3 Nf6 41. Kg3 Nh5+ 42. Kg2 Nf6 43. Ra2 Nd7 44. f4 Nc5 45. Kf3 f5 46. Ra5 Ne4 47. h4 Rb2 48. Ne2 Rb6 49. Nd4 Kh6 50. Ne2 Kh5 51. Ra1 Rb2 52. Rg1 Kh6 53. Rh1 a5 54. h5 g5 55. fxg5+ Kxg5 56. h6 a4 57. Rg1+ Kf6 58. Ra1 Rb4 59. Nd4 Kg5 60. Ne6+ Kf6 61. Nd4 Ng5+ 62. Ke2 Ne6 63. Nf3 Rb2+ 64. Kd3 Rb4 65. Nd2 Nc5+ 66. Kc3 Rh4 0-1


[Site "https://www.chess.com"]

[Event "Titled Tuesday Blitz March 15 Late 2022"]
[White "Petre, Nad-Titus"]
[Black "Eames, Robert S"]
[WhiteFideId "1204165"]
[BlackFideId "408743"]
[WhiteElo "2354"]
[BlackElo "2105"]
[Result "1-0"]
[Round "05"]
[TimeControl "180+1"]
[Date "2022.03.16"]
[WhiteClock "0:01:44"]
[BlackClock "0:01:12"]

1. d4 e6 2. Bf4 f5 3. e3 Nf6 4. Nf3 b6 5. Be2 Bb7 6. O-O Bd6 7. c4 Bxf4 8. exf4 O-O 9. Nc3 Qe8 10. Ne5 d6 11. Nd3 Qg6 12. Bf3 Bxf3 13. Qxf3 Nbd7 14. Rfe1 Rae8 15. Nb5 Rc8 16. Nxa7 Ra8 17. Nb5 Rfc8 18. Nc3 Ng4 19. h3 Nh6 20. d5 Re8 21. dxe6 Nc5 22. Nxc5 bxc5 23. Nd5 Ra7 24. e7 Nf7 25. Re3 c6 26. Nc3 Raxe7 27. Qxc6 Rxe3 28. fxe3 Nh6 29. Nd5 Qe6 30. Kh1 g5 31. Nc7 1-0


[Site "https://www.chess.com"]

[Event "Titled Tuesday Blitz March 15 Late 2022"]
[White "Petrova, Irina"]
[Black "Aydin, Gulenay"]
[WhiteFideId "14124122"]
[BlackFideId "34557431"]
[WhiteElo "1993"]
[BlackElo "1429"]
[Result "0-1"]
[Round "05"]
[TimeControl "180+1"]
[Date "2022.03.16"]
[WhiteClock "0:00:01"]
[BlackClock "0:00:03"]

1. e4 c5 2. Nf3 d6 3. Bb5+ Bd7 4. Bxd7+ Qxd7 5. c4 Nc6 6. d4 cxd4 7. Nxd4 Nf6 8. Nc3 g6 9. f3 Bg7 10. Be3 O-O 11. O-O a6 12. Rc1 Rfc8 13. b3 Qd8 14. Qd3 Nxd4 15. Bxd4 Nd7 16. Bxg7 Kxg7 17. Nd5 Rab8 18. Kh1 b5 19. cxb5 Rxc1 20. Rxc1 axb5 21. Rc7 e6 22. Qc3+ Nf6 23. Rd7 Qxd7 24. Qxf6+ Kg8 25. Ne7+ Kf8 26. Qh8+ Kxe7 27. Qxb8 Qc6 28. h3 Qc1+ 29. Kh2 Qf4+ 30. Kh1 Qc1+ 31. Kh2 Qc6 32. Qa7+ Kf6 33. Qd4+ Ke7 34. a4 bxa4 35. bxa4 Qa6 36. Qb4 Kf6 37. a5 Qd3 38. Qb2+ Ke7 39. Qb7+ Kf6 40. a6 Qd2 41. a7 Qf4+ 42. Kg1 Qc1+ 43. Kf2 Qd2+ 44. Kf1 Qd1+ 45. Kf2 Qd4+ 46. Ke2 Qc4+ 47. Kd2 Qd4+ 48. Kc2 Qa4+ 49. Kc3 Qa3+ 50. Kc4 Qa2+ 51. Kb5 Qb3+ 52. Kc6 Qc4+ 53. Kd7 Qa4+ 54. Kd8 Kg7 55. a8=Q Qd4 56. Qba6 Qf6+ 57. Kc8 Qc3+ 58. Kd7 Qf6 59. Qa1 e5 0-1


[Site "https://www.chess.com"]

[Event "Titled Tuesday Blitz March 15 Late 2022"]
[White "Piliczewski, Bogusz"]
[Black "Farmani Anosheh, Armin"]
[WhiteFideId "1104144"]
[BlackFideId "24613240"]
[WhiteElo "1896"]
[BlackElo "2289"]
[Result "0-1"]
[Round "05"]
[TimeControl "180+1"]
[Date "2022.03.16"]
[WhiteClock "0:00:47"]
[BlackClock "0:00:41"]

1. d4 Nf6 2. Nf3 d5 3. Bf4 c5 4. c3 Nc6 5. e3 Qb6 6. Qb3 c4 7. Qxb6 axb6 8. h3 b5 9. a3 b4 10. Be2 Bf5 11. cxb4 Nxb4 12. O-O Bxb1 13. Raxb1 Nc6 14. Ne5 Nd7 15. Nxd7 Kxd7 16. Bf3 e6 17. Rfc1 Bd6 18. Bxd6 Kxd6 19. Rc3 b5 20. b4 Ra7 21. Rd1 Rha8 22. e4 Rxa3 23. Rxa3 Rxa3 24. exd5 exd5 25. Rb1 Nxd4 26. Bd1 c3 27. Rc1 c2 28. Bf3 Rb3 29. Kh2 Rb1 0-1


[Site "https://www.chess.com"]